 Dungeon Crawl Stone Soup version 0.22.1-2-g9c5b331383 (webtiles) character file.

464 Morrissey the Digger (level 7, -8/36 HPs)
             Began as a Gargoyle Earth Elementalist on Dec 15, 2018.
             Mangled by Duvessa
             ... wielding a +0 rapier
              (19 damage)
             ... on level 4 of the Dungeon.
             The game lasted 00:11:11 (4510 turns).

Morrissey the Digger (Gargoyle Earth Elementalist)  Turns: 4510, Time: 00:11:12

Health: -8/36      AC:  6    Str: 14    XL:     7   Next: 8%
Magic:  5/12       EV: 12    Int: 17    God:
Gold:   134        SH:  0    Dex: 10    Spells: 9/13 levels left

rFire    + . .     SeeInvis .   a - +0 lajatang
rCold    . . .     Gourm    .   (shield currently unavailable)
rNeg     + . .     Faith    .   c - +0 robe
rPois    ∞         Spirit   .   (no helmet)
rElec    +         Reflect  .   (no cloak)
rCorr    .         Harm     .   (no gloves)
MR       +....                  (no boots)
Stlth    ++........             (no amulet)
HPRegen  0.12/turn              (no ring)
MPRegen  0.13/turn              (no ring)

@: no status effects
A: fire resistance 1, magic resistance 1, negative energy resistance 1,
electricity resistance, strong 1, unbreathing, petrification resistance, rot
immunity, AC +4
a: no special abilities


You were on level 4 of the Dungeon.
You were hungry.

You visited 1 branch of the dungeon, and saw 4 of its levels.

You collected 134 gold pieces.

Inventory:

Hand Weapons
 a - a +0 lajatang (weapon)
 i - a +1 mace
Missiles
 b - 51 stones (quivered)
Armour
 c - a +0 robe (worn)
Wands
 j - a wand of digging (17)
Scrolls
 e - 2 scrolls of fear
 f - 2 scrolls of blinking {unknown}
 g - 3 scrolls of amnesia {unknown}
 k - a scroll of enchant armour {unknown}
 l - a scroll of identify
 n - a scroll of remove curse
 p - a scroll of noise {unknown}
Potions
 h - a potion of might
 m - 2 potions of heal wounds {unknown}
 o - a potion of degeneration {unknown}
 q - a potion of haste {unknown}
Comestibles
 d - 5 rations
 r - 4 chunks of flesh


   Skills:
 - Level 1.5 Dodging
 - Level 2.1 Stealth
 - Level 3.7 Spellcasting
 - Level 4.0 Conjurations
   Level 0.7 Transmutations
 + Level 6.8 Earth Magic


You had 9 spell levels left.
You knew the following spells:

 Your Spells              Type           Power        Failure   Level  Hunger
a - Sandblast             Erth           ####..       1%          1    None
b - Stone Arrow           Conj/Erth      ###...       5%          3    ###....

Your spell library contained the following spells:

 Spells                   Type           Power        Failure   Level  Hunger
 Passwall                 Tmut/Erth      ###.....     5%          2    ##.....
 Lee's Rapid Deconstruct  Erth           ####......   26%         5    ######.
 Petrify                  Tmut/Erth      ###.....     34%         4    ####...


Dungeon Overview and Level Annotations

Branches:
Dungeon (4/15)
 Temple: D:4-7

Altars:

Annotations:
D:1 Terence
D:2 exclusion: ogre
D:4 Duvessa


Innate Abilities, Weirdness & Mutations

You are resistant to torment.
Your stone body is resilient. (AC +4)
You are immune to poison.
You resist negative energy. (rN+)
You are resistant to electric shocks. (rElec)
You can survive without breathing.
You are immune to petrification.
You are immune to rotting.
Your flesh is heat resistant. (rF+)
You are resistant to hostile enchantments. (MR+)
Your muscles are strong. (Str +2)


Message History

Aim: Duvessa, wielding a rapier and wearing a shiny chain mail (lightly The blast of sand hits Duvessa.
Duvessa is lightly wounded.
b - 52 stones Duvessa hits you with a rapier!
* * * LOW HITPOINT WARNING * * *
Duvessa completely misses you.
Casting: Sandblast (safe; 1% risk of failure)
Confirm with . or Enter, or press ? or * to list all spells.
Aiming: Sandblast (safe; 1% risk of failure)
Press: ? - help, Shift-Dir - straight line, f/p - Duvessa
Aim: Duvessa, wielding a rapier and wearing a shiny chain mail (lightly The blast of sand hits Duvessa.
Duvessa is lightly wounded.
b - 51 stones
* * * LOW MAGIC WARNING * * *
Duvessa closely misses you. Duvessa hits you with a rapier!!
Ouch! That really hurt!
You die...

###.####################
...#.##.....)..........#
###.###.###.#####.####.#
#.# #.# #.# #.# #.#
###.###.# #.# #.# #.#
........# #.# #.# #.#
....##### #.# #.# #.#
...###### #.#####.####.#
........# #.....@......#
.#.####.# #######e######
<#.# #.# #.# .#.# #.#
#.# .#.# #.# #.# .#.#
#.# #.# .#.# #.# #.#
...####.#########.#
..................#


You could see Duvessa (berserk).

Vanquished Creatures
  Sigmund (D:3)
  Dowan (D:4)
  A crimson imp (D:4)
  Ijyb (D:3)
  Natasha (twice) (D:4)
  A hound skeleton (D:4)
  Robin (D:3)
  An adder (D:3)
  4 worms
  2 dart slugs
  A leopard gecko (D:2)
  5 orcs
  4 giant cockroaches
  19 goblins
  13 hobgoblins
  4 jackals (D:1)
  10 kobolds
  2 ball pythons
  A ball python skeleton (D:4)
  10 bats
  3 frilled lizards
  7 rats
94 creatures vanquished.

Notes
Turn   | Place    | Note
-------+----------+-------------------------------------------
     0 | D:1      | Morrissey the Gargoyle Earth Elementalist began the quest
                  | for the Orb.
     0 | D:1      | Reached XP level 1. HP: 10/10 MP: 3/3
   520 | D:1      | Reached XP level 2. HP: 13/15 MP: 0/5
   874 | D:1      | Reached skill level 4 in Earth Magic
  1129 | D:1      | Reached XP level 3. HP: 16/19 MP: 7/7
  1901 | D:2      | Noticed Terence
  1954 | D:1      | Gained mutation: Your muscles are strong. (Str +2) [potion
                  | of mutation]
  1954 | D:1      | Gained mutation: You are resistant to hostile enchantments.
                  | (MR+) [potion of mutation]
  1954 | D:1      | Gained mutation: Your flesh is heat resistant. (rF+)
                  | [potion of mutation]
  2252 | D:2      | Learned a level 3 spell: Stone Arrow
  2327 | D:2      | Noticed an ogre
  2526 | D:2      | Reached XP level 4. HP: 11/24 MP: 5/9
  2949 | D:3      | Noticed Ijyb
  2964 | D:3      | Killed Ijyb
  3225 | D:3      | Reached skill level 1 in Conjurations
  3240 | D:3      | Reached XP level 5. HP: 21/28 MP: 10/10
  3365 | D:3      | Noticed Robin
  3454 | D:3      | Killed Robin
  3787 | D:3      | Reached skill level 5 in Earth Magic
  3821 | D:3      | Noticed Sigmund
  3829 | D:3      | Killed Sigmund
  3829 | D:3      | Reached XP level 6. HP: 22/32 MP: 0/11
  4175 | D:4      | Noticed Natasha
  4181 | D:4      | Killed Natasha
  4181 | D:4      | Reached skill level 6 in Earth Magic
  4251 | D:4      | Noticed Dowan
  4256 | D:4      | Noticed Duvessa
  4280 | D:4      | Noticed Natasha
  4292 | D:4      | Killed Natasha
  4328 | D:4      | Killed Dowan
  4328 | D:4      | Reached XP level 7. HP: 36/36 MP: 6/12
  4510 | D:4      | Mangled by Duvessa

Skill      XL: |  1  2  3  4  5  6 |
---------------+-------------------+-----
Earth Magic    | 4 5 6 |  6.8
Spellcasting   | 3 |  3.7
Conjurations   | 1 3 4 |  4.0
Dodging        | |  1.5
Stealth        | |  2.1
Transmutations | |  0.7

Action                   |  1- 3 |  4- 6 |  7- 9 || total
-------------------------+-------+-------+-------++-------
Melee: Club              |   109 |       |       ||   109
       Mace              |    73 |     8 |       ||    81
       Lajatang          |       |   130 |     5 ||   135
 Cast: Sandblast         |    33 |    23 |     5 ||    61
       Stone Arrow       |       |     5 |     1 ||     6
  Use: Scroll            |     4 |       |       ||     4
       Potion            |     4 |       |       ||     4
 Stab: Sleeping          |     6 |     4 |       ||    10
       Distracted        |       |     2 |       ||     2
  Eat: Chunk             |     3 |     6 |       ||     9
       Ration            |     1 |       |       ||     1
Armor: Robe              |    94 |    57 |     3 ||   154
Dodge: Dodged            |   162 |   131 |     5 ||   298
